 Dungeon Crawl Stone Soup version 0.20.1-1-g8b1a95d (webtiles) character file.

249 KoningWillie the Slasher (level 5, 0/47 HPs)
             Began as a Minotaur Fighter on Sept 22, 2017.
             Slain by an ogre
             ... wielding a +0 giant club
              (16 damage)
             ... on level 5 of the Dungeon.
             The game lasted 00:04:42 (2825 turns).

KoningWillie the Slasher (Minotaur Fighter)         Turns: 2825, Time: 00:04:43

Health: 0/47       AC:  8    Str: 22    XL:     5   Next: 86%
Magic:  4/4        EV:  7    Int:  5    God:
Gold:   217        SH:  9    Dex:  9    Spells: 4/4 levels left

rFire    . . .     SeeInvis .   a - +0 long sword
rCold    . . .     Gourm    .   c - +0 shield
rNeg     . . .     Faith    .   b - +0 scale mail
rPois    .         Spirit   .   (helmet restricted)
rElec    .         Reflect  .   (no cloak)
rCorr    .         Harm     .   i - +0 pair of gloves
MR       .....                  (no boots)
Stlth    ..........             (no amulet)
Regen    0.2/turn               (no ring)
MPRegen  0.1/turn               (no ring)

@: no status effects
A: retaliatory headbutt, horns 2
a: no special abilities


You were on level 5 of the Dungeon.
You were not hungry.

You visited 1 branch of the dungeon, and saw 5 of its levels.

You collected 217 gold pieces.

Inventory:

Hand Weapons
 a - a +0 long sword (weapon)
Armour
 b - a +0 scale mail (worn)
 c - a +0 shield (worn)
 i - a +0 pair of gloves (worn)
Jewellery
 h - an uncursed ring of stealth
 m - an uncursed ring of magical power {unknown}
 r - a cursed ring of loudness {unknown}
 v - an uncursed ring of wizardry {unknown}
Scrolls
 g - 2 scrolls of remove curse
 j - a scroll of blinking {unknown}
 o - a scroll of immolation {unknown}
 p - 2 scrolls of recharging {unknown}
 q - a scroll of teleportation
 s - a scroll of amnesia {unknown}
 t - 2 scrolls of random uselessness {unknown}
Potions
 d - a potion of might
 e - 2 potions of curing
 k - 2 potions of agility
 l - a potion of resistance {unknown}
 n - a potion of invisibility
 u - a potion of lignification {unknown}
Comestibles
 f - 3 bread rations


   Skills:
 + Level 4.7 Fighting
 + Level 5.5 Long Blades
 + Level 5.0 Armour
 - Level 0.2 Dodging
 - Level 4.1 Shields


You had 4 spell levels left.
You didn't know any spells.

Dungeon Overview and Level Annotations

Branches:
Dungeon (5/15)
 Temple: D:4-7

Altars:
Sif Muna
Vehumet
Zin

Annotations:
D:4 Dowan, Duvessa


Innate Abilities, Weirdness & Mutations

You reflexively headbutt those who attack you in melee.
You have a pair of horns on your head.


Message History

The puff of flame hits you!
You slide downwards.
The hatch slams shut behind you.
Found a stone staircase leading down.
You start resting.
HP restored.
An ogre comes into view. It is wielding a giant club.
The ogre shouts!
The ogre hits you with a giant club!
You hit the ogre but do no damage. You headbutt the ogre.
The ogre is lightly wounded.
The ogre barely misses you.
You slash the ogre!
The ogre is heavily wounded.
The ogre hits you with a giant club!!
You hit the ogre but do no damage. You headbutt the ogre!
The ogre is severely wounded.
You completely miss the ogre.
The ogre is severely wounded.
The ogre hits you with a giant club!
You die...

..##.#.#..#........
###
#.##.#.#..#########
...#.##.#.#..#
#.#.##.#....#
#......#....#
#######.####..#
........####..#
##............#
#......@.....#
#......O.....#
##........#..#
#.###....# .# ...
...... # .#
........ .######..
#. ..#


You could see an ogre.

Vanquished Creatures
  An ogre (D:4)
  A hound (D:4)
  A worker ant (D:4)
  3 adders
  An ooze (D:2)
  An adder skeleton (D:4)
  3 worms
  4 dart slugs
  3 leopard geckos
  3 orcs (D:3)
  4 giant cockroaches
  7 goblins
  5 hobgoblins
  5 jackals (D:4)
  3 kobolds
  2 quokkas
  2 ball pythons
  2 bats (D:1)
  3 frilled lizards
  4 rats
58 creatures vanquished.

Notes
Turn   | Place    | Note
-------+----------+-------------------------------------------
     0 | D:1      | KoningWillie the Minotaur Fighter began the quest for the Orb.
     0 | D:1      | Reached XP level 1. HP: 19/19 MP: 0/0
   190 | D:1      | Reached XP level 2. HP: 27/27 MP: 1/1
   790 | D:2      | Reached XP level 3. HP: 31/33 MP: 2/2
  1338 | D:2      | Found a glowing silver altar of Zin.
  1595 | D:3      | Reached XP level 4. HP: 40/40 MP: 3/3
  1885 | D:3      | Found a radiant altar of Vehumet.
  2050 | D:3      | Found a faded altar of an unknown god.
  2096 | D:3      | Found a deep blue altar of Sif Muna.
  2366 | D:4      | Noticed an ogre
  2376 | D:4      | Killed an ogre
  2376 | D:4      | Reached skill level 5 in Long Blades
  2376 | D:4      | Reached XP level 5. HP: 19/47 MP: 4/4
  2484 | D:4      | Reached skill level 5 in Armour
  2712 | D:4      | Noticed Dowan
  2713 | D:4      | Noticed Duvessa
  2715 | D:5      | Entered Level 5 of the Dungeon
  2818 | D:5      | Noticed an ogre
  2825 | D:5      | Slain by an ogre

Skill      XL: |  1  2  3  4  5 |
---------------+----------------+-----
Shields        | 4 |  4.1
Armour         | 4 5 |  5.0
Long Blades    | 3 5 |  5.5
Fighting       | 4 |  4.7
Dodging        | |  0.2

Action                   |  1- 3 |  4- 6 || total
-------------------------+-------+-------++-------
Melee: Long sword        |    92 |    56 ||   148
       Headbutt          |    12 |    11 ||    23
  Use: Scroll            |     7 |       ||     7
  Eat: Fruit             |     3 |       ||     3
       Royal jelly       |     1 |     1 ||     2
Armor: Scale mail        |    33 |    18 ||    51
Dodge: Dodged            |    22 |    20 ||    42
Block: Shield            |    37 |    25 ||    62
       Rpst.: Long sword |     5 |     8 ||    13
